 Dungeon Crawl Stone Soup version 0.29.1-2-gbd0b4ee654 (webtiles) character file.

Game seed: 9204299223853662397

7 zeram the Vexing (level 1, -3/10 HPs)
             Began as a Deep Elf Enchanter on Nov 7, 2022.
             Frozen to death by an endoplasm (5 damage)
             ... on level 1 of the Dungeon.
             The game lasted 00:00:43 (886 turns).

zeram the Vexing (Deep Elf Enchanter)                Turns: 886, Time: 00:00:44

Health: -3/10      AC:  2    Str:  5    XL:     1   Next: 91%
Magic:  6/6        EV: 12    Int: 19    God:
Gold:   14         SH:  0    Dex: 15    Spells: 6/6 levels left

rFire   . . .      SeeInvis .   a - +1 dagger
rCold   . . .      Faith    .   (no shield)
rNeg    . . .      Spirit   .   b - +0 robe
rPois   .          Reflect  .   (no helmet)
rElec   .          Harm     .   (no cloak)
rCorr   .          Rampage  .   (no gloves)
Will    .....                   (no boots)
Stlth   ++........              (no amulet)
HPRegen 0.03/turn               (no ring)
MPRegen 0.10/turn               (no ring)

@: no status effects
A: no striking features
a: no special abilities


You were on level 1 of the Dungeon.
You visited 1 branch of the dungeon, and saw 1 of its levels.

You collected 14 gold pieces.

Inventory:

Hand Weapons
 a - a +1 dagger (weapon)
Armour
 b - a +0 robe (worn)
Scrolls
 e - a scroll of identify {unknown}
 f - a scroll of amnesia
 h - a scroll of enchant armour {unknown}
Potions
 c - 2 potions of invisibility
 d - a potion of curing {unknown}
 g - a potion of might {unknown}


   Skills:
 + Level 1.0 Short Blades
 + Level 2.5 Dodging
 - Level 3.6 Stealth
 + Level 3.3 Spellcasting
 + Level 4.3 Hexes


You had 6 spell levels left.
You didn't know any spells.
Your spell library contained the following spells:

 Spells                   Type           Power      Damage    Failure   Level
 Confusing Touch          Hex            19%        N/A       8%          3
 Tukima's Dance           Hex            19%        N/A       8%          3
 Ensorcelled Hibernation  Hex/Ice        22%        N/A       9%          2
 Dazzling Flash           Conj/Hex       22%        N/A       19%         3


Dungeon Overview and Level Annotations

Branches:
Dungeon (1/15)

Altars:


Message History

You hit the ball python.
The ball python is severely wounded.
The ball python barely misses you. The ball python constricts you.
You closely miss the ball python.
The ball python is severely wounded.
The ball python bites you.
* * * LOW HITPOINT WARNING * * *
The ball python constricts you.
You hit the ball python.
You kill the ball python!
You start resting.
HP restored.
An endoplasm comes into view.
An endoplasm is nearby!
An endoplasm is nearby!
An endoplasm is nearby!
A dart slug, an endoplasm and a goblin come into view.
Found a scroll labelled CEIFUTUHETZ.
The endoplasm quivers.
An endoplasm comes into view.
Found 9 gold pieces.
The goblin shouts!
The endoplasm quivers.
The endoplasm attacks as you move away! The endoplasm completely misses you.
Found 2 gold pieces.
The endoplasm attacks as you move away! The endoplasm closely misses you.
The endoplasm attacks as you move away! The endoplasm hits you.
The endoplasm jiggles.
The endoplasm attacks as you move away! The endoplasm hits you.
The endoplasm attacks as you move away! The endoplasm hits you.
Found a pair of boots.
The endoplasm attacks as you move away! The endoplasm hits you.
* * * LOW HITPOINT WARNING * * *
As you read the scroll labelled ROBUBI VOBASM, it crumbles to dust.
It is a scroll of amnesia.
You feel forgetful for a moment. The endoplasm freezes you.
You are frozen.
Ouch! That really hurt!
You die...

#.....##.....###.................
......?...#g..#...#..............
$........###.....###..####.......
........## ##w_.## ##.###........
.........###.....###...##........
.....g....#...#...#....##........
.............###.J.....####..####
.........#..## ##J.#...# ##.# #
####....###..# #@.###..# ##.####
.J..... .$..#....#...####......
......................##.....###
......#####....########....###
..... [......# #....## ........#
##...## ....... #....# .......
#...## #...#


You could see 2 endoplasms.

Vanquished Creatures
  An endoplasm (D:1)
  2 hobgoblins (D:1)
  2 ball pythons (D:1)
  A bat (D:1)
  A rat (D:1)
7 creatures vanquished.

Notes
Turn   | Place    | Note
-------+----------+-------------------------------------------
     0 | D:1      | zeram the Deep Elf Enchanter began the quest for the Orb.
     0 | D:1      | Reached XP level 1. HP: 10/10 MP: 6/6
   585 | D:1      | Found a faded altar of an unknown god.
   886 | D:1      | Frozen to death by an endoplasm

Illustrated notes

Levels and vault maps discovered:
D:1:      heliophobic_arrival_dark_side_of_the_moon, layout_basic, serial_shops,
          shop, nicolae_ecumenical_snake_handling

Action                   || total
-------------------------++-------
Melee: Dagger            ||    18
  Use: Scroll            ||     1
 Stab: Sleeping          ||     3
Armor: Robe              ||     5
Dodge: Dodged            ||     9
